cohdb
Replays
Latest Replays
All Replays
Popular Replays
Top Player Replays
Match Explorer
How It Works
Community
CoH3 Stats
Reddit
Sign in to upload your games and track your stats! →
Sign in with Steam
Match 45699920
Unlisted
Match 45699920
Overview
Messages
Build Orders
End
Scout Squad
Selects Airborne Battlegroup
Selects Heavy Machine Gun Paradrop
Construct Weapon Support Center
Engineer Squad
Heavy Machine Gun Paradrop
Heavy Machine Gun Paradrop
Bazooka Squad
Selects Paratrooper Squad Paradrop
Construct Medical Station
Infantry Support Center
M3 Armored Personnel Carrier
Paratrooper Squad Paradrop
C. Troy
castiellolee
カルト_くん
MSZW
0
0
Comments
sign in to comment!
No comments posted yet!